 Dungeon Crawl Stone Soup version 0.27-a0-1200-g94dc6ad4cf (webtiles) character file.

Game seed: 14536505604400633828

76 Morbidden the Skirmisher (level 3, -1/25 (31) HPs)
             Began as a Demigod Fighter on May 31, 2021.
             Slain by a hound (3 damage)
             ... on level 4 of the Dungeon.
             The game lasted 00:02:54 (3284 turns).

Morbidden the Skirmisher (Demigod Fighter)          Turns: 3284, Time: 00:02:55

HP:   -1/25 (31)    AC:  7    Str: 21    XL:     3   Next: 89%
MP:   5/5           EV:  7    Int: 10    God:
Gold: 92            SH:  9    Dex: 13    Spells: 2/2 levels left

rFire    . . .     SeeInvis .   a - +0 long sword
rCold    . . .     Faith    .   c - +0 kite shield
rNeg     . . .     Spirit   .   e - +0 scale mail
rPois    .         Reflect  .   (no helmet)
rElec    .         Harm     .   (no cloak)
rCorr    .         Rampage  .   i - +0 pair of gloves
Will     .....                  (no boots)
Stlth    ..........             (no amulet)
HPRegen  0.08/turn              (no ring)
MPRegen  0.09/turn              (no ring)

@: lethally poisoned (-1 -> -8), heavily drained
A: high mp 1, forlorn
a: no special abilities


You were on level 4 of the Dungeon.
You visited 1 branch of the dungeon, and saw 4 of its levels.

You collected 92 gold pieces.

Inventory:

Hand Weapons
 a - a +0 long sword (weapon)
 b - a +0 dagger of flaming
Missiles
 h - 2 throwing nets
 j - 7 boomerangs (quivered)
Armour
 c - a +0 kite shield (worn)
 e - a +0 scale mail (worn)
 i - a +0 pair of gloves (worn)
Scrolls
 g - a scroll of identify {unknown}
 k - a scroll of noise {unknown}
Potions
 d - 2 potions of heal wounds {unknown}
 f - a potion of haste {unknown}
 l - a potion of flight {unknown}


   Skills:
 * Level 3.3 Fighting
 * Level 2.6 Long Blades
 + Level 3.0 Armour
 * Level 0.9 Dodging
 + Level 2.9 Shields


You had 2 spell levels left.
You didn't know any spells.
Your spell library contained the following spells:

 Spells                   Type           Power      Damage    Failure   Level
 Confusing Touch          Hex            0%         N/A       100%        3
 Gell's Gravitas          Tloc           0%         N/A       100%        3
 Petrify                  Tmut/Erth      0%         N/A       100%        4
 Metabolic Englaciation   Hex/Ice        0%         N/A       100%        5
 Yara's Violent Unravell  Hex/Tmut       0%         3d3       100%        5


Dungeon Overview and Level Annotations

Branches:
Dungeon (4/15)
 Temple: D:4-7


Innate Abilities, Weirdness & Mutations

Your attributes grow dramatically as you level up.
You have an increased reservoir of magic. (+10% MP)
You shall have no god before yourself.


Message History

You block the endoplasm's attack.
You slash the endoplasm!
You kill the endoplasm!
Key pressed, stopping explore.
No target in view!
Found a ring mail.
You see here a +0 ring mail.
Done exploring.
No target in view!
Done exploring.
No target in view!
Done exploring.
No target in view!
Done exploring.
No target in view!
Done exploring.
No target in view!
There is a stone staircase leading down here.
You climb downwards.
A hound and 4 wights come into view.
A wight is wielding a +2 halberd of venom.
Found a stone staircase leading up.
There is a stone staircase leading up here.
There are monsters nearby!
You barely miss the hound. The hound bites you.
The wight hits you with a +2 halberd of venom.
You feel drained.
You are poisoned.
You block the wight's attack. The hound barely misses you.
You closely miss the hound.
You feel very sick. The hound barely misses you.
The wight hits you with a +2 halberd of venom!
* * * LOW HITPOINT WARNING * * *
You feel drained.
* * * LOW HITPOINT WARNING * * *
You block the wight's attack. The wight hits you with a +2 flail.
* * * LOW HITPOINT WARNING * * *
You feel drained. The hound bites you.
You die...

<.. ...
#.# #.#
..######.
##........
#.z.......
#h@z......
#zz.......
#.......#.
#.......#
#.......+
#.......#
#.......#
#.......#


You could see a hound and 4 wights.

Vanquished Creatures
  An adder (D:2)
  4 ball pythons
  4 endoplasms
  4 giant cockroaches
  10 goblins
  6 hobgoblins
  4 jackals (D:1)
  7 kobolds
  A quokka (D:3)
  5 bats
  5 frilled lizards
  6 rats
57 creatures vanquished.

Notes
Turn   | Place    | Note
-------+----------+-------------------------------------------
     0 | D:1      | Morbidden the Demigod Fighter began the quest for the Orb.
     0 | D:1      | Reached XP level 1. HP: 18/18 MP: 3/3
   143 | D:1      | Reached XP level 2. HP: 26/26 MP: 4/4
   868 | D:1      | Reached XP level 3. HP: 31/31 MP: 5/5
  3284 | D:4      | Slain by a hound

Illustrated notes

Levels and vault maps discovered:
D:1:      dpeg_arrival_stonehenge_8_columns, layout_basic,
          hellmonk_ecumenical_altar_inner_sanctum
D:2:      layout_basic
D:3:      layout_loops_ring
D:4:      layout_basic, minmay_overflow_temple_star_hex,
          gammafunk_temple_overflow_pools, serial_shops, shop,
          amcnicky_mini_corridor_feature

Skill      XL: |  1  2  3 |
---------------+----------+-----
Fighting       | 3 |  3.3
Long Blades    | 2 |  2.6
Armour         | 3 |  3.0
Dodging        | |  0.9
Shields        | |  2.9

Action                   || total
-------------------------++-------
Melee: Long sword        ||   178
Throw: Throwing net      ||     2
  Use: Potion            ||     2
Armor: Scale mail        ||    89
Dodge: Dodged            ||    67
Block: Kite shield       ||   107
       Rpst.: Long sword ||    25

Table legend: (Time is in decaauts)
 A = Elapsed time spent in this place.
 B = Non-inter-level travel time spent in this place.
 C = Inter-level travel time spent in this place.
 D = Time resting spent in this place.
 E = Time spent auto-exploring this place.
 F = Levels seen in this place.
 G = Mean time per level.
                   A        B        C        D        E       F      G
               +--------+--------+--------+--------+--------+-----+--------+
         Total |   3379 |   3180 |    199 |      0 |   2681 |   4 |  844.8 |
       Dungeon |   3379 |   3180 |    199 |      0 |   2681 |   4 |  844.8 |
               +--------+--------+--------+--------+--------+-----+--------+

Top non-repeatable levels by time:
     D:1: 1302 daAuts
     D:2: 1192 daAuts
     D:3: 882 daAuts
     D:4: 2 daAuts
